 Dungeon Crawl Stone Soup version 0.31-a0-931-g7b59d4eb97 (webtiles) character file.

Game seed: 3350598331747143933

2417 Arex the Trooper (level 9, 0/71 HPs)
             Began as a Ghoul Fighter on Oct 19, 2023.
             Was a Believer of Hepliaklqana.
             Hit by a large rock thrown by a cyclops (20 damage)
             ... on level 6 of the Dungeon.
             The game lasted 00:08:16 (5257 turns).

Arex the Trooper (Ghoul Fighter)                    Turns: 5257, Time: 00:08:17

Health: 0/71       AC: 12    Str: 24    XL:     9   Next: 47%
Magic:  9/9        EV:  6    Int:  3    God:    Hepliaklqana [**....]
Gold:   232        SH:  4    Dex:  8    Spells: 8/8 levels left

rFire   + . .        d - +0 broad axe (freeze)
rCold   + . .        b - +0 buckler
rNeg    + + +        i - +0 plate armour
rPois   ∞            (no helmet)
rElec   .            (no cloak)
rCorr   +            (no gloves)
SInv    .            (no boots)
Will    .....        (no amulet) Stlth
                     m - ring of protection from fire
HPRegen 0.00/turn    e - ring of resist corrosion
MPRegen 0.11/turn

%: no passive effects
@: inhibited regen
A: reduced essence, claws 1, cold resistance 1, negative energy resistance 3,
inhibited regeneration, torment resistance 2, devour on kill
a: Renounce Religion, Recall Ancestor, Ancestor Identity


You were on level 6 of the Dungeon.
You worshipped Hepliaklqana.
Hepliaklqana was pleased with you.
You visited 1 branch of the dungeon, and saw 6 of its levels.

You collected 232 gold pieces.

Inventory:

Hand Weapons
 d - a +0 broad axe of freezing (weapon)
 f - the +3 sling of Roet {antimagic, rPois rN+ Int+5}
   (You found it on level 2 of the Dungeon)

   Int+5:     It affects your intelligence (+5).
   rPois:     It protects you from poison rN+: It protects you from negative
   energy.
Armour
 a - a +0 scale mail
 b - a +0 buckler (worn)
 h - a +0 buckler
 i - a +0 plate armour (worn)
Jewellery
 e - a ring of resist corrosion (right claw)
 m - a ring of protection from fire (left claw)
Wands
 c - a wand of mindburst (2)
 n - a wand of digging (7)
Scrolls
 j - 3 scrolls of fog
 l - a scroll of fear {unknown}
 p - 2 scrolls of vulnerability
 r - a scroll of amnesia {unknown}
 t - a scroll of noise {unknown}
 w - a scroll of blinking {unknown}
 x - a scroll of identify
Potions
 g - 2 potions of haste
 k - a potion of heal wounds
 o - a potion of degeneration
 q - 3 potions of might
 s - a potion of attraction
 u - a potion of mutation
 v - a potion of cancellation {unknown}


   Skills:
 + Level 7.0 Fighting
 * Level 5.9 Axes
 - Level 0.8 Ranged Weapons
 + Level 5.8 Armour
 + Level 5.8 Shields
 - Level 3.6 Unarmed Combat
 * Level 2.3 Invocations


You had 8 spell levels left.
You didn't know any spells.
Your spell library contained the following spells:

 Spells                   Type           Power      Damage    Failure   Level
 Ensorcelled Hibernation  Hex/Ice        0%         N/A       100%        2
 Jinxbite                 Hex            0%         N/A       100%        2
 Dazzling Flash           Conj/Hex       0%         N/A       100%        3
 Volatile Blastmotes      Fire/Tloc      0%         2d10      100%        3
 Anguish                  Hex/Necr       0%         N/A       100%        4
 Agony                    Necr           0%         N/A       100%        5
 Silence                  Hex/Air        0%         N/A       100%        5
 Starburst                Conj/Fire      0%         6d3       100%        6
 Summon Hydra             Summ           0%         N/A       100%        7
 Maxwell's Capacitive Co  Air            0%         ∞         100%        8
 Sublimation of Blood     Necr           Unusable   N/A       N/A         2
 Wereblood                Tmut           Unusable   N/A       N/A         2

Dungeon Overview and Level Annotations

Branches:
Dungeon (6/15)             Temple (0/1) D:6

Altars:
Hepliaklqana

Annotations:
D:2 1 runed translucent door, Crazy Yiuf


Innate Abilities, Weirdness & Mutations

Your life essence is reduced to manifest your ancestor. (-10% HP)
You are immune to poison.
You have sharp fingernails.
Your flesh is cold resistant. (rC+)
You are immune to negative energy. (rN+++)
You do not regenerate when monsters are visible.
You are immune to unholy pain and torment.
You thrive by killing the living.


Message History

The orc is heavily wounded.
The orc hits you but does no damage. x2
You slash the orc! You freeze the orc.
You kill the orc!
You now have 232 gold pieces (gained 25).
Things that are here:
a +0 dagger; a +0 ring mail; an orc corpse
g - 2 potions of haste (gained 1)
A cyclops comes into view.
The cyclops shouts!
You hear a shout!
A centaur comes into view.
The centaur throws a stone.
You block the stone.
The cyclops throws a large rock.
The large rock hits you!
The centaur throws a stone.
The stone hits you but does no damage.
You see here 7 gold pieces.
The cyclops closely misses Centenhua.
The centaur hits you but does no damage.
You block the centaur's attack. The centaur hits you.
* * * LOW HITPOINT WARNING * * *
The centaur kicks you but does no damage.
You slash the centaur! You freeze the centaur.
The centaur is heavily wounded.
The centaur hits you but does no damage.
The centaur kicks you but does no damage.
The centaur hits you but does no damage.
The centaur kicks you.
* * * LOW HITPOINT WARNING * * *
You hit the centaur. You freeze the centaur.
The centaur is almost dead.
The centaur hits you but does no damage.
The centaur kicks you but does no damage.
You block the centaur's attack.
The centaur kicks you but does no damage.
Unknown command.
You slash the centaur! You freeze the centaur.
You kill the centaur!
Centenhua hits the cyclops with a +0 flail.
The cyclops throws a large rock.
The large rock misses Centenhua.
The large rock hits you!!
You die...

..... .. .... .#
...###.# ......# .
..#.. #
...###.#.###.#
.......#.....#
#.)@R.# ..###
#.###C#
......#.....# .
#...).#..C..#
###.#.###.#.###.#
....#.....#.....#..
...................
.........†)...!...
###......########


You could see the friendly Centenhua the knight and a cyclops (ally target).

Vanquished Creatures
  Grinder (D:3)
  An acid dragon (D:6)
  Edmund (D:5)
  4 water moccasins
  Duvessa (D:6)
  A sky beast (D:6)
  An orc warrior (D:5)
  2 black bears (D:5)
  A centaur (D:6)
  3 bullfrogs (D:6)
  A scorpion (D:5)
  Dowan (D:6)
  A howler monkey (D:6)
  2 hounds (D:5)
  A sleepcap (D:5)
  An iguana (D:6)
  3 orc wizards (D:6)
  Ijyb (D:3)
  6 gnolls
  5 adders
  11 orcs
  14 bats
  2 endoplasms
  2 giant cockroaches (D:3)
  4 goblins
  6 jackals
  2 kobolds
  2 quokkas
  2 ball pythons
  A frilled lizard (D:2)
  8 rats
92 creatures vanquished.

Vanquished Creatures (collateral kills)
  A sky beast (D:6)
  An ice beast (D:6)
  A scorpion (D:6)
  A gnoll bouda (D:5)
  3 orc wizards
  3 gnolls
  An adder (D:4)
  A white imp (D:6)
12 creatures vanquished.

Vanquished Creatures (others)
  2 ancestors (D:5)
  A knight (D:6)
3 creatures vanquished.

Grand Total: 107 creatures vanquished

Notes
Turn   | Place    | Note
-------+----------+-------------------------------------------
     0 | D:1      | Arex the Ghoul Fighter began the quest for the Orb.
     0 | D:1      | Reached XP level 1. HP: 19/19 MP: 0/0
     1 | D:1      | You fall into a shaft and drop 1 floor!
    33 | D:2      | Identified the +3 sling of Roet {antimagic, rPois rN+
                  | Int+5}
   187 | D:2      | Reached XP level 2. HP: 12/26 MP: 1/1
   523 | D:2      | Reached XP level 3. HP: 28/31 MP: 0/2
   596 | D:2      | Found a runed translucent door.
   597 | D:2      | Noticed Crazy Yiuf
   759 | D:3      | Noticed Ijyb
   769 | D:3      | Killed Ijyb
   770 | D:3      | Reached XP level 4. HP: 40/40 MP: 0/3
   880 | D:3      | Noticed Grinder
   890 | D:3      | Paralysed by Grinder for 2 turns
   901 | D:3      | Paralysed by Grinder for 5 turns
   911 | D:3      | Killed Grinder
   912 | D:3      | Reached skill level 4 in Fighting
   912 | D:3      | Reached XP level 5. HP: 32/47 MP: 4/4
   912 | D:3      | Reached XP level 6. HP: 36/53 MP: 5/5
  1023 | D:3      | Found a hazy altar of Hepliaklqana.
  1027 | D:3      | Became a worshipper of Hepliaklqana the Forgotten
  1798 | D:3      | Identified a scroll of acquirement
  1799 | D:3      | Acquired a +0 broad axe of freezing
  1866 | D:4      | Reached * piety under Hepliaklqana
  2843 | D:5      | Entered Level 5 of the Dungeon
  2935 | D:5      | Noticed a black bear
  2938 | D:5      | Killed a black bear
  2939 | D:5      | Reached skill level 1 in Axes
  2939 | D:5      | Reached XP level 7. HP: 54/54 MP: 6/6
  2959 | D:5      | Reached skill level 5 in Fighting
  3271 | D:5      | Noticed Edmund
  3286 | D:5      | Killed Edmund
  3684 | D:5      | Reached ** piety under Hepliaklqana
  3685 | D:5      | Remembered your ancestor Centenhua as a knight
  3747 | D:5      | Reached XP level 8. HP: 62/62 MP: 7/7
  4424 | D:6      | Found a staircase to the Ecumenical Temple.
  4505 | D:6      | Reached skill level 5 in Shields
  4528 | D:6      | Reached skill level 6 in Fighting
  4537 | D:6      | Reached skill level 5 in Armour
  4769 | D:6      | Noticed Duvessa
  4778 | D:6      | Reached skill level 5 in Axes
  4778 | D:6      | Noticed Dowan
  4787 | D:6      | Killed Duvessa
  4788 | D:6      | Reached XP level 9. HP: 53/70 MP: 8/8
  4802 | D:6      | Killed Dowan
  5230 | D:6      | Reached skill level 1 in Invocations
  5239 | D:6      | Reached skill level 7 in Fighting
  5250 | D:6      | Noticed a cyclops
  5257 | D:6      | Hit by a large rock thrown by a cyclops

Illustrated notes

Levels and vault maps discovered:
D:1:      dpeg_arrival_refuge, layout_basic, serial_shops,
          nicolae_shop_real_fake_doors
D:2:      layout_rooms, minmay_bisected, uniq_crazy_yiuf_cottage
D:3:      layout_basic, minitemple, roderic_batcave, kennysheep_big_empty_room,
          uniq_grinder, uniq_ijyb
D:4:      layout_basic
D:5:      layout_basic, nicolae_letterblocks [nicolae_letter_subblock,
          nicolae_letter_subblock, nicolae_letter_subblock,
          nicolae_letter_subblock, nicolae_letter_subblock,
          nicolae_letter_subblock, nicolae_letter_subblock,
          nicolae_letter_subblock, nicolae_letter_subblock,
          nicolae_letter_subblock, nicolae_letter_subblock,
          nicolae_letter_subblock, nicolae_letter_subblock,
          nicolae_letter_subblock, nicolae_letter_subblock,
          nicolae_letter_subblock, nicolae_letter_subblock,
          nicolae_letter_subblock, nicolae_letter_subblock,
          nicolae_letter_subblock, nicolae_letter_subblock,
          nicolae_letter_subblock, nicolae_letter_subblock,
          nicolae_letter_subblock, nicolae_letter_subblock], uniq_edmund
D:6:      hangedman_cross_stitches, layout_loops_corners, temple_hall_moat,
          uniq_duvessa

Skill      XL: |  1  2  3  4  5  6  7  8  9 |
---------------+----------------------------+-----
Armour         | 3 4 5 |  5.8
Shields        | 3 4 5 |  5.8
Fighting       | 4 5 6 7 |  7.0
Unarmed Combat | 3 |  3.6
Axes           | 1 3 5 |  5.9
Invocations    | 2 |  2.3
Ranged Weapons | |  0.8

Action                     |  1- 3 |  4- 6 |  7- 9 || total
---------------------------+-------+-------+-------++-------
  Melee: Unarmed           |     7 |    76 |       ||    83
         Broad axe         |       |    39 |   145 ||   184
   Fire: Sling             |    77 |       |       ||    77
 Invoke: Ancestor Life: Kn |       |       |     1 ||     1
  Evoke: Wand              |       |     2 |    10 ||    12
    Use: Potion            |     1 |       |       ||     1
         Scroll            |       |     9 |     1 ||    10
   Stab: Distracted        |       |       |     1 ||     1
 Armour: Scale mail        |     7 |       |       ||     7
         Plate armour      |   111 |   109 |   174 ||   394
  Dodge: Dodged            |    35 |    34 |    42 ||   111
  Block: Buckler           |    23 |    21 |    34 ||    78

Table legend: (Time is in decaauts)
 A = Elapsed time spent in this place.
 B = Non-inter-level travel time spent in this place.
 C = Inter-level travel time spent in this place.
 D = Time resting spent in this place.
 E = Time spent auto-exploring this place.
 F = Levels seen in this place.
 G = Mean time per level.
                   A        B        C        D        E       F      G
               +--------+--------+--------+--------+--------+-----+--------+
         Total |   5402 |   5303 |     99 |   1202 |   3152 |   6 |  900.3 |
       Dungeon |   5402 |   5303 |     99 |   1202 |   3152 |   6 |  900.3 |
               +--------+--------+--------+--------+--------+-----+--------+

Top non-repeatable levels by time:
     D:5: 1540 daAuts
     D:3: 1216 daAuts
     D:4: 1046 daAuts
     D:6: 935 daAuts
     D:2: 661 daAuts
     D:1: 1 daAuts
